 Dungeon Crawl Stone Soup version 0.23-a0-844-gdc03e01 (webtiles) character file.

17 Arthanis the Skirmisher (level 2, 0/28 HPs)
             Began as a Gargoyle Berserker on Jan 26, 2019.
             Was a Follower of Trog.
             Killed from afar by a dart slug (3 damage)
             ... with a slug dart
             ... on level 1 of the Dungeon.
             The game lasted 00:00:44 (100 turns).

Arthanis the Skirmisher (Gargoyle Berserker)         Turns: 100, Time: 00:00:45

Health: 0/28       AC:  5    Str: 25    XL:     2   Next: 62%
Magic:  2/2        EV: 12    Int:  7    God:    Trog [*.....]
Gold:   11         SH:  0    Dex:  9    Spells: 1/1 levels left

rFire    . . .     SeeInvis .   a - +0 hand axe
rCold    . . .     Gourm    .   (no shield)
rNeg     + . .     Faith    .   b - +0 animal skin
rPois    ∞         Spirit   .   (no helmet)
rElec    +         Reflect  .   (no cloak)
rCorr    .         Harm     .   (no gloves)
MR       .....                  (no boots)
Stlth    ..........             (no amulet)
HPRegen  0.09/turn              (no ring)
MPRegen  0.08/turn              (no ring)

@: berserking (expiring), very quick
A: negative energy resistance 1, electricity resistance, unbreathing,
petrification resistance, rot immunity, AC +2
a: Berserk, Renounce Religion


You were on level 1 of the Dungeon.
You worshipped Trog.
Trog was aware of your devotion.
You were not hungry.

You visited 1 branch of the dungeon, and saw 1 of its levels.

You collected 11 gold pieces.

Inventory:

Hand Weapons
 a - a +0 hand axe (weapon)
 e - a +0 spear
Armour
 b - a +0 animal skin (worn)
Scrolls
 d - a scroll of remove curse {unknown}
Comestibles
 c - a ration
 f - 5 chunks of flesh


   Skills:
 + Level 3.5 Fighting
 * Level 3.0 Axes
 + Level 2.4 Armour
 + Level 1.8 Dodging


You had one spell level left.
You didn't know any spells.
Your spell library was empty.

Dungeon Overview and Level Annotations

Branches:
Dungeon (1/15)

Altars:


Innate Abilities, Weirdness & Mutations

You are resistant to torment.
Your stone body is resilient. (AC +2)
You are immune to poison.
You resist negative energy. (rN+)
You are resistant to electric shocks. (rElec)
You can survive without breathing.
You are immune to petrification.
You are immune to rotting.


Message History

Trog accepts your kill.
You slash the leopard gecko!
You kill the leopard gecko!
Trog accepts your kill. The kobold completely misses you. The kobold hits you.
* * * LOW HITPOINT WARNING * * *
You barely miss the kobold. You hit the kobold.
You kill the kobold!
Trog accepts your kill. The kobold misses you.
You barely miss the kobold. The kobold hits you but does no damage.
You slash the kobold!
You kill the kobold!
Trog accepts your kill.
You see here a +0 dagger.
You slash the dart slug!
The dart slug is almost dead.
The dart slug launches a dart at you. The slug dart hits you.
You die...

..# ..# ##.. #..##
.# ##...##.#
#..#....## ..
#......... ..#.
##w.####### ♣♣♣♣♣..
.### #@(.# .PP..♣.
..# #.#.# .P...♣..
#.# #.#.# P...P♣..
#.#####.#.# ...PP♣.#
#....#..#.#
<.P..♣.###......##.#
.PP..♣..##....####.#
P..PP♣.............#
P..PP♣..##....######


You could see a dart slug.

Vanquished Creatures
  An ooze (D:1)
  A leopard gecko (D:1)
  A bat (D:1)
  3 hobgoblins (D:1)
  3 kobolds (D:1)
  2 rats (D:1)
11 creatures vanquished.

Notes
Turn   | Place    | Note
-------+----------+-------------------------------------------
     0 | D:1      | Arthanis the Gargoyle Berserker began the quest for the
                  | Orb.
     0 | D:1      | Reached XP level 1. HP: 14/14 MP: 1/1
    43 | D:1      | Reached XP level 2. HP: 7/19 MP: 2/2
   100 | D:1      | Killed from afar by a dart slug

Vault maps used:
D:1:      scummos_arrival_checkerplants

Skill      XL: |  1  2 |
---------------+-------+-----
Axes           | 3 |  3.0
Fighting       | |  3.5
Armour         | |  2.4
Dodging        | |  1.8

Action                   || total
-------------------------++-------
Melee: Hand axe          ||    32
Invok: Berserk           ||     2
Armor: Animal skin       ||    16
Dodge: Dodged            ||    22

Table legend:
 A = Non-vault XP
 B = Vault XP
 C = Vault XP percentage of total XP
 D = Non-vault monster count
 E = Vault monster count
 F = Vault count percentage of total count
                 A         B        C        D         E       F
            +---------+---------+-------+---------+---------+-------
      Total |      25 |       0 |   0.0 |      11 |       0 |   0.0
            +---------+---------+-------+---------+---------+-------
        D:1 |      25 |       0 |   0.0 |      11 |       0 |   0.0
            +---------+---------+-------+---------+---------+-------
